 Dungeon Crawl Stone Soup version 0.29-a0-468-ge57f7f99b4 (webtiles) character file.

Game seed: 17995988278819969563

435 Spectrina the Insei (level 6, -5/76 HPs)
             Began as a Draconian Monk on Feb 4, 2022.
             Was a Believer of Kikubaaqudgha.
             Slain by a yak (11 damage)
             ... on level 5 of the Dungeon on May 22, 2022.
             The game lasted 00:08:45 (682 turns).

Spectrina the Insei (Draconian Monk)                 Turns: 682, Time: 00:08:46

Health: -5/76      AC: 23    Str: 13    XL:     6   Next: 68%
Magic:  0/6        EV:  2    Int: 10    God:    Kikubaaqudgha [**....]
Gold:   37         SH:  0    Dex: 16    Spells: 1/5 levels left

rFire   . . .      SeeInvis .     - Unarmed
rCold   + . .      Faith    .   (no shield)
rNeg    . . .      Spirit   +   (body armour unavailable)
rPois   +          Reflect  .   (helmet currently unavailable)
rElec   .          Harm     .   (cloak currently unavailable)
rCorr   .          Rampage  .   (gloves currently unavailable)
Will    .....      NoTele   +   (boots currently unavailable)
Stlth   ++........              c - amulet of guardian spirit
HPRegen 0.22/turn               a - ring of protection from cold
MPRegen 0.10/turn               (no ring)

@: brilliant, tree-form
A: stationary, stasis, torment immunity, boosted hp, AC +6, unfitting armour,
(cold-blooded)
a: Renounce Religion, Unearth Wretches


You were on level 5 of the Dungeon.
You worshipped Kikubaaqudgha.
Kikubaaqudgha was pleased with you.
You were a tree.
You visited 2 branches of the dungeon, and saw 6 of its levels.

You collected 37 gold pieces.

Inventory:

Hand Weapons
 d - a +1 rapier of draining
 f - a +1 spear of venom
Missiles
 i - 57 arrows
Jewellery
 a - a ring of protection from cold (left branch)
 c - an amulet of guardian spirit (around neck)
Scrolls
 b - a scroll of identify {unknown}
 g - a scroll of teleportation {unknown}
 j - a scroll of fear {unknown}
 k - a scroll of enchant weapon {unknown}


   Skills:
 - Level 3.2 Fighting
 - Level 2.6 Dodging
 - Level 1.7 Stealth
 - Level 5.6 Unarmed Combat
 + Level 4.9 Necromancy


You had one spell level left.
You knew the following spells:

 Your Spells              Type           Power      Damage    Failure   Level
q - Necrotize             Necr           56%        1d6       5%          1
r - Vampiric Draining     Necr           14%        2d7       16%         3

Your spell library contained the following spells:

 Spells                   Type           Power      Damage    Failure   Level
 Sublimation of Blood     Necr           14%        N/A       8%          2
 Animate Dead             Necr           14%        N/A       45%         4


Dungeon Overview and Level Annotations

Branches:
Dungeon (4/15)             Temple (1/1) D:4

Altars:
Cheibriados
Fedhas
Gozag
Kikubaaqudgha
Makhleb
Nemelex Xobeh
Okawaru
Qazlal
Ru
Sif Muna
Uskayaw
Wu Jian
The Shining One


Innate Abilities, Weirdness & Mutations

You are a tree.
Your roots penetrate the ground, keeping you stationary.
You cannot be teleported.
You are immune to unholy pain and torment.
Your maximum health is greatly increased.
Your equipment is partially melded.
((Your plain brown scales are hard. (AC +6)))
You cannot fit into any form of body armour.
((You are cold-blooded and may be slowed by cold attacks.))


Message History

The yak is severely wounded.
The yak gores you but does no damage.
You are now empty-handed.
You hit the yak.
The yak is almost dead.
The yak gores you but does no damage.
You smack the yak!
You kill the yak!
Kikubaaqudgha accepts your kill.
Your Necromancy skill gained 2 levels and is now at level 3!
You have reached level 6!
Your scales feel tougher.
You smack the yak!
The yak is lightly wounded.
The yak gores you but does no damage.
You hit the yak.
The yak is moderately wounded.
The yak gores you but does no damage.
You smack the yak!
The yak is severely wounded.
The yak gores you!
* * * LOW HITPOINT WARNING * * *
You hit the yak. You punch the yak.
The yak is severely wounded.
You smack the yak!
You kill the yak!
Kikubaaqudgha accepts your kill.
Your Necromancy skill increases to level 4!
You smack the yak!
The yak is lightly wounded.
The yak gores you but does no damage.
You smack the yak!
The yak is heavily wounded.
The yak gores you.
* * * LOW HITPOINT WARNING * * *
You completely miss the yak.
The yak is heavily wounded.
The yak gores you!
You die...
Kikubaaqudgha rasps: "You have failed me!
Welcome... death!"

............#
#.#.##
#..........#
###[##
#.......##
...#
#.......#
.#.#
##.......# .
. #gg......#
.l ..
#O########
#Y# #♣# #.#
#.. ####


You could see a yak, an ogre and 2 gnolls.

Vanquished Creatures
  2 yaks (D:5)
  A bullfrog (D:3)
  An iguana (D:4)
  3 adders
  An ufetubus (D:4)
  A worm (D:2)
  4 endoplasms
  5 goblins
  2 hobgoblins
  3 jackals (D:4)
  2 ball pythons
  2 bats (D:2)
  A frilled lizard (D:1)
  3 kobolds
  5 rats
36 creatures vanquished.

Vanquished Creatures (collateral kills)
  A ball python (D:4)
1 creature vanquished.

Vanquished Creatures (others)
  4 plants (D:1)
4 creatures vanquished.

Grand Total: 41 creatures vanquished

Notes
Turn   | Place    | Note
-------+----------+-------------------------------------------
     0 | D:1      | Spectrina the Draconian Monk began the quest for the Orb.
     0 | D:1      | Reached XP level 1. HP: 19/19 MP: 1/1
    73 | D:3      | Noticed a bullfrog
    80 | D:3      | Killed a bullfrog
    81 | D:3      | Reached skill level 5 in Unarmed Combat
    81 | D:3      | Reached XP level 2. HP: 24/26 MP: 2/2
    81 | D:3      | Reached XP level 3. HP: 29/31 MP: 3/3
    81 | D:3      | Reached XP level 4. HP: 35/38 MP: 4/4
   297 | D:2      | Found a snail-covered altar of Cheibriados.
   412 | D:4      | Found an ornate altar of the Wu Jian Council.
   430 | D:4      | Found a staircase to the Ecumenical Temple.
   450 | Temple   | Entered the Ecumenical Temple
   483 | Temple   | Upgraded the game from 0.29-a0-82-g837932c90e to
                  | 0.29-a0-88-g03a7b78be7
   483 | Temple   | Upgraded the game from 0.29-a0-88-g03a7b78be7 to
                  | 0.29-a0-468-ge57f7f99b4
   489 | Temple   | Became a worshipper of Kikubaaqudgha
   489 | Temple   | Reached * piety under Kikubaaqudgha
   489 | Temple   | Received a gift from Kikubaaqudgha
   489 | Temple   | Reached ** piety under Kikubaaqudgha
   492 | Temple   | Learned a level 1 spell: Necrotize
   541 | D:4      | Reached skill level 1 in Necromancy
   541 | D:4      | Reached XP level 5. HP: 37/45 MP: 0/5
   565 | D:4      | You fall into a shaft and drop 1 floor!
   565 | D:5      | Entered Level 5 of the Dungeon
   572 | D:5      | Noticed a yak
   607 | D:5      | Learned a level 3 spell: Vampiric Draining
   625 | D:5      | Noticed an ogre
   645 | D:5      | Noticed a yak
   647 | D:5      | Noticed a yak
   649 | D:5      | Noticed an ogre
   674 | D:5      | Killed a yak
   675 | D:5      | Reached XP level 6. HP: 18/51 MP: 1/6
   679 | D:5      | Killed a yak
   682 | D:5      | Slain by a yak

Illustrated notes

Levels and vault maps discovered:
D:1:      onia_arrival_handbag, layout_rooms, minmay_misc_feat_alley,
          serial_bayou_pond_e
D:2:      layout_loops_ring, basic_altar
D:3:      layout_loops_ring, hangedman_abyss_or_decor_lesser_grid, st_stairs_7,
          uniq_ijyb, uniq_natasha
D:4:      layout_cave_pools, pdpol_wu_jian_five_deadly_venoms,
          nicolae_yredelemnul_corpse_copse, chequers_temple_overflow_minitemple,
          minmay_temple_entry_steel_oval
D:5:      minmay_general_purpose_star, layout_basic
Temple:   minmay_temple_bridge_abc

Skill      XL: |  1  2  3  4  5  6 |
---------------+-------------------+-----
Unarmed Combat | 5 |  5.6
Necromancy     | 1 3 4 |  4.9
Fighting       | |  3.2
Dodging        | |  2.6
Stealth        | |  1.7

Action                   |  1- 3 |  4- 6 || total
-------------------------+-------+-------++-------
Melee: Rapier            |     6 |    85 ||    91
       Unarmed           |     6 |    10 ||    16
       Tailslap          |     2 |     5 ||     7
       Punch             |       |     2 ||     2
 Cast: Necrotize         |       |     5 ||     5
  Use: Potion            |       |     3 ||     3
 Stab: Sleeping          |     3 |     1 ||     4
Armor: Skin              |     5 |    26 ||    31
Dodge: Dodged            |     7 |    84 ||    91

Table legend: (Time is in decaauts)
 A = Elapsed time spent in this place.
 B = Non-inter-level travel time spent in this place.
 C = Inter-level travel time spent in this place.
 D = Time resting spent in this place.
 E = Time spent auto-exploring this place.
 F = Levels seen in this place.
 G = Mean time per level.
                   A        B        C        D        E       F      G
               +--------+--------+--------+--------+--------+-----+--------+
         Total |    698 |    698 |      0 |      0 |      0 |   6 |  116.3 |
       Dungeon |    633 |    633 |      0 |      0 |      0 |   5 |  126.6 |
        Temple |     65 |     65 |      0 |      0 |      0 |   1 |   65.0 |
               +--------+--------+--------+--------+--------+-----+--------+

Top non-repeatable levels by time:
     D:2: 204 daAuts
     D:4: 162 daAuts
     D:5: 117 daAuts
     D:1: 85 daAuts
  Temple: 65 daAuts
     D:3: 63 daAuts
